General information
- name: BNet
- type: Ladder 1vs1/FFA
- host: Battle.net
- saver: 7.11
map: MeltingValley
- players: 2
- length: 19:55
- speed: Fast
- version: 1.24 W3XP
- replay type: Public
» download(64 KB)
Players
team 1 (winner)
7.11 (
pink | 61 APM | 1219 actions | 19:55)
6 Crypt Lord
2 Carrion Beetles
3 Spiked Carapace
1 Impale
3 Death Knight
1 Death Coil
2 Unholy Aura
2 Lich
1 Frost Nova
1 Frost Armor
» actions
| Assign group hotkey | 43 | |
| Basic commands | 220 | |
| Build / train | 63 | |
| ESC pressed | 4 | |
| Enter build submenu | 26 | |
| Enter hero's abilities submenu | 11 | |
| Right click | 336 | |
| Select / deselect | 248 | |
| Select group hotkey | 178 | |
| Use ability | 90 | |
1219 total
» units
| Acolyte | 8 | |
| Ghoul | 4 | |
| Obsidian Statue | 7 | |
| Forest Troll Shadow Priest | 1 | |
| Forest Troll Berserker | 1 | |
| Ogre Mauler | 1 | |
| Goblin Shredder | 1 | |
| Abomination | 2 | |
25 total
» upgrades
| Creature Attack | 3 | |
| Destroyer Form | 1 | |
| Creature Carapace | 2 | |
| Ghoul Frenzy | 2 | |
| Disease Cloud | 1 | |
| Cannibalize | 1 | |
10 total
» buildings
| Crypt | 1 | |
| Ziggurat | 8 | |
| Altar of Darkness | 1 | |
| Tomb of Relics | 1 | |
| Graveyard | 1 | |
| Nerubian Tower | 2 | |
| Halls of the Dead | 1 | |
| Slaughterhouse | 4 | |
| Necropolis | 1 | |
| Black Citadel | 1 | |
| Spirit Tower | 3 | |
| Sacrificial Pit | 1 | |
25 total
» build order
00:13 Crypt
00:17 Ziggurat
00:37 Altar of Darkness
01:20 Ziggurat
01:39 Tomb of Relics
02:07 Graveyard
02:23 Nerubian Tower
02:49 Halls of the Dead
05:19 Slaughterhouse
05:48 Necropolis
06:15 Slaughterhouse
07:01 Ziggurat
07:31 Ziggurat
07:34 Ziggurat
07:37 Ziggurat
08:18 Black Citadel
09:13 Spirit Tower
09:25 Ziggurat
09:35 Slaughterhouse
09:45 Slaughterhouse
11:29 Nerubian Tower
11:50 Spirit Tower
12:11 Sacrificial Pit
12:15 Ziggurat
18:29 Spirit Tower
» items
| Rod of Necromancy | 1 | |
| Potion of Healing | 1 | |
| Potion of Mana | 1 | |
| Sacrificial Skull | 1 | |
| Tome of Retraining | 1 | |
| Periapt of Vitality | 1 | |
6 total
team 2 (loser)
m.veloso (
red | 109 APM | 2160 actions | 19:53)
3 Paladin
2 Holy Light
1 Devotion Aura
2 Mountain King
1 Storm Bolt
1 Thunder Clap
» actions
| Assign group hotkey | 57 | |
| Basic commands | 16 | |
| Build / train | 84 | |
| ESC pressed | 2 | |
| Enter build submenu | 24 | |
| Enter hero's abilities submenu | 5 | |
| Give item / drop item | 1 | |
| Right click | 792 | |
| Select / deselect | 295 | |
| Select group hotkey | 834 | |
| Use ability | 50 | |
2160 total
» units
| Peasant | 8 | |
| Footman | 6 | |
| Rifleman | 7 | |
| Forest Troll Shadow Priest | 1 | |
| Sorceress | 4 | |
| Mortar Team | 1 | |
| Siege Engine | 3 | |
| Spell Breaker | 1 | |
31 total
» upgrades
| Sorceress Training | 2 | |
| Long Rifles | 1 | |
| Gunpowder | 1 | |
| Fragmentation Shards | 1 | |
| Barrage | 1 | |
6 total
» buildings
| Farm | 11 | |
| Barracks | 1 | |
| Altar of Kings | 1 | |
| Scout Tower | 1 | |
| Arcane Tower | 10 | |
| Arcane Vault | 1 | |
| Keep | 6 | |
| Lumber Mill | 1 | |
| Blacksmith | 1 | |
| Arcane Sanctum | 3 | |
| Castle | 6 | |
| Workshop | 1 | |
43 total
» build order
00:14 Farm
00:16 Farm
00:20 Barracks
00:42 Altar of Kings
01:43 Scout Tower
01:56 Farm
02:03 Farm
02:15 Arcane Tower
02:15 Arcane Tower
02:16 Arcane Tower
02:32 Arcane Vault
03:35 Keep
03:35 Keep
03:36 Keep
03:40 Lumber Mill
04:13 Farm
04:44 Blacksmith
04:56 Farm
05:00 Farm
06:16 Arcane Sanctum
07:44 Castle
07:44 Castle
07:44 Castle
07:45 Castle
08:03 Farm
08:30 Arcane Sanctum
08:38 Arcane Sanctum
09:36 Farm
11:19 Workshop
13:10 Farm
13:22 Farm
» items
| Lesser Clarity Potion | 1 | |
| Mechanical Critter | 1 | |
| Scroll of Regeneration | 2 | |
4 total
Chat log
(09:51 / All) m.veloso: plz